 Dungeon Crawl Stone Soup version 0.25-a0-100-g33052ceff8 (webtiles) character file.

Game seed: 3761988433539774973, levelgen mode: deterministic

592 lukutis69 the Chopper (level 7, 62/62 HPs)
             Began as a Minotaur Berserker on Nov 12, 2019.
             Was a Believer of Trog.
             Starved to death
             ... while paralysed
             ... on level 4 of the Dungeon on Nov 14, 2019.
             The game lasted 00:31:07 (8096 turns).

lukutis69 the Chopper (Minotaur Berserker)          Turns: 8096, Time: 00:31:08

Health: 62/62      AC:  9    Str: 23    XL:     7   Next: 16%
Magic:  6/6        EV:  2    Int:  4    God:    Trog [**....]
Gold:   151        SH:  0    Dex: 10    Spells: 6/6 levels left

rFire    . . .     SeeInvis .   o - +1 dagger (venom)
rCold    . . .     Gourm    .   (no shield)
rNeg     . . .     Faith    .   f - +0 scale mail
rPois    .         Spirit   .   (helmet restricted)
rElec    .         Reflect  +   (no cloak)
rCorr    .         Harm     .   m - +1 pair of gloves
MR       .....                  (no boots)
Stlth    ..........             v - +3 amulet of reflection
HPRegen  0.20/turn              (no ring)
MPRegen  0.10/turn              (no ring)

@: paralysed, fainting
A: retaliatory headbutt, horns 2
a: Berserk, Trog's Hand, Renounce Religion


You were on level 4 of the Dungeon.
You worshipped Trog.
Trog was pleased with you.
You were fainting.

You visited 1 branch of the dungeon, and saw 4 of its levels.

You collected 151 gold pieces.

Inventory:

Hand Weapons
 a - a +0 hand axe
 c - a +0 falchion
 h - a +0 dagger of flaming
 l - a +0 spear of flaming
 o - a +1 dagger of venom (weapon)
 p - a +0 war axe
 u - a +0 long sword of slicing
Missiles
 i - 28 bolts
 w - 4 boomerangs (quivered)
Armour
 b - a +0 animal skin
 f - a +0 scale mail (worn)
 m - a +1 pair of gloves (worn)
 r - a +0 ring mail
Jewellery
 n - a -3 ring of protection
 v - a +3 amulet of reflection (around neck)
Scrolls
 d - a scroll of noise {unknown}
 e - 2 scrolls of amnesia
 g - a scroll of remove curse
 k - 2 scrolls of identify
 t - a scroll of fear {unknown}
Potions
 j - a potion of curing
 q - a potion of haste {unknown}
 s - a potion of cancellation {unknown}


   Skills:
 + Level 5.8 Fighting
 + Level 0.4 Short Blades
 + Level 6.4 Axes
 + Level 4.8 Armour
 + Level 3.8 Dodging
 - Level 1.0 Stealth


You had 6 spell levels left.
You didn't know any spells.
Your spell library was empty.

Dungeon Overview and Level Annotations

Branches:
Dungeon (4/15)
 Temple: D:4-7

Altars:
Hepliaklqana
Sif Muna
Xom
Yredelemnul


Innate Abilities, Weirdness & Mutations

You reflexively headbutt those who attack you in melee.
You have a pair of horns on your head.


Message History

You can move again.
You open the door.
There is an open door here.
You open the door.
Found a scroll labeled ACVAPS YGYO, a potion of curing and 4 boomerangs.
There is an open door here.
There are no items here.
j - a potion of curing
There are no items here.
t - a scroll labeled ACVAPS YGYO
There are no items here.
You lose consciousness!
You can move again.
You see here 4 boomerangs.
w - 4 boomerangs As you open the door, it creaks loudly!
There is an open door here.
You lose consciousness!
You have starved to death.
You die...

.... ....# ...#
..# #####.####
#####.....#..##
#.............#
#..##....##...#
#...#######...#
#...# #...@#
##'### #....#
##8.8##
#.....##
##.....##
#.#####
#8.....8###.
.........##
.........8#
..........+
.........8#


There were no monsters in sight!

Vanquished Creatures
  A sky beast (D:2)
  6 killer bees (D:3)
  2 iguanas (D:4)
  Robin (D:2)
  3 gnolls (D:2)
  5 adders
  2 worms (D:3)
  A dart slug (D:2)
  3 leopard geckos (D:2)
  An orc (D:3)
  A ball python (D:2)
  11 bats
  3 giant cockroaches (D:3)
  2 gnoll zombies (D:3)
  12 goblins
  9 hobgoblins
  13 jackals
  3 quokkas
  4 frilled lizards
  6 kobolds
89 creatures vanquished.

Notes
Turn   | Place    | Note
-------+----------+-------------------------------------------
     0 | D:1      | lukutis69 the Minotaur Berserker began the quest for the
                  | Orb.
     0 | D:1      | Reached XP level 1. HP: 19/19 MP: 0/0
   833 | D:1      | Reached skill level 4 in Axes
   833 | D:1      | Reached XP level 2. HP: 22/27 MP: 1/1
  1693 | D:2      | Reached XP level 3. HP: 22/33 MP: 2/2
  1707 | D:2      | Noticed Robin
  1716 | D:2      | Killed Robin
  1733 | D:2      | Reached XP level 4. HP: 23/40 MP: 3/3
  1922 | D:2      | Reached ** piety under Trog
  1927 | D:2      | Noticed a sky beast
  1973 | D:2      | Killed a sky beast
  1973 | D:2      | Reached skill level 5 in Axes
  1973 | D:2      | Reached skill level 1 in Stealth
  1973 | D:2      | Reached XP level 5. HP: 12/47 MP: 4/4
  2904 | D:2      | Found a shimmering altar of Xom.
  3110 | D:3      | Reached skill level 5 in Fighting
  3524 | D:3      | Found a shimmering blue altar of Sif Muna.
  4055 | D:3      | HP: 1/48 [poisoned by a killer bee]
  4537 | D:3      | HP: 1/48 [killer bee (4)]
  4538 | D:3      | Reached XP level 6. HP: 14/56 MP: 5/5
  4539 | D:3      | Reached skill level 6 in Axes
  4941 | D:3      | Found a basalt altar of Yredelemnul.
  5307 | D:3      | Upgraded the game from 0.25-a0-96-g4073cf80fb to
                  | 0.25-a0-98-g0cf78c2f83
  5387 | D:3      | Reached XP level 7. HP: 20/62 MP: 6/6
  5695 | D:3      | Upgraded the game from 0.25-a0-98-g0cf78c2f83 to
                  | 0.25-a0-100-g33052ceff8
  7869 | D:4      | Found a hazy altar of Hepliaklqana.
  7991 | D:4      | Paralysed by fainting for 11 turns
  8026 | D:4      | Paralysed by fainting for 8 turns
  8060 | D:4      | Paralysed by fainting for 5 turns
  8092 | D:4      | Paralysed by fainting for 5 turns
  8096 | D:4      | Starved to death

Levels and vault maps discovered:
D:1:      scummos_arrival_hexagon, layout_basic, nrook_campfire
D:2:      layout_basic, old_standard_altar, palyth_stone_intersect, uniq_robin
D:3:      layout_basic, old_standard_altar, lemuel_zombie_altar_yredelemnul,
          first_ration, grunt_ministairs_9
D:4:      minmay_inner_zag, layout_gridville, overflow_temple_1_default,
          kennysheep_mini, minitemple, dk_noncrumbling_4

Skill      XL: |  1  2  3  4  5  6 |
---------------+-------------------+-----
Axes           | 4 5 6 |  6.4
Fighting       | 4 5 |  5.8
Armour         | 3 4 |  4.8
Stealth        | 1 |  1.0
Dodging        | 3 |  3.8
Short Blades   | |  0.4

Action                   |  1- 3 |  4- 6 |  7- 9 || total
-------------------------+-------+-------+-------++-------
Melee: Hand axe          |    51 |   130 |       ||   181
       Headbutt          |     7 |    21 |     2 ||    30
       War axe           |       |     4 |       ||     4
       Dagger            |       |    28 |    19 ||    47
Invok: Berserk           |     3 |     1 |       ||     4
       Trog's Hand       |       |     1 |       ||     1
  Use: Potion            |       |     8 |       ||     8
       Scroll            |       |     7 |       ||     7
  Eat: Chunk             |     1 |     5 |       ||     6
       Ration            |     1 |     2 |     2 ||     5
Armor: Animal skin       |     3 |       |       ||     3
       Scale mail        |    27 |    80 |     6 ||   113
Dodge: Dodged            |    52 |   151 |     9 ||   212
Block: Other             |       |       |     1 ||     1

Table legend:
 A = Non-vault XP
 B = Vault XP
 C = Vault XP percentage of total XP
 D = Non-vault monster count
 E = Vault monster count
 F = Vault count percentage of total count
                 A         B        C        D         E       F
            +---------+---------+-------+---------+---------+-------
      Total |     797 |      49 |   5.8 |      70 |      19 |  21.3
            +---------+---------+-------+---------+---------+-------
        D:1 |      25 |       0 |   0.0 |      14 |       0 |   0.0
        D:2 |     252 |      36 |  12.5 |      31 |      12 |  27.9
        D:3 |     433 |      13 |   2.9 |      22 |       7 |  24.1
        D:4 |      87 |       0 |   0.0 |       3 |       0 |   0.0
            +---------+---------+-------+---------+---------+-------
